Map: Lightshade LE

Players

Vindicta - Winner!

  • Race: Terran Terran
  • League: Master

JonSnow

  • Race: Zerg Zerg
  • League: Master

Event: DreamHack SC2 Masters 2021 Summer

VOD

Have the link to the VOD?

Description

Time

  • Played on: May 29, 2021, 5:44 p.m.
  • Length: 30:28

All games in this series

Show
View Real Time Build Order
Export as new Build Order

Vindicta Terran - Winner!

Build Orders: Reaper Expand 

Get SALT Encoding   

  12  0:00  SCV  
  13  0:12  SCV  
  14  0:17  Supply Depot  
  14  0:24  SCV  
  15  0:38  SCV  
  15  0:40  Barracks  
  16  0:42  Refinery  
  16  0:51  SCV  
  17  1:03  SCV  
  18  1:15  SCV  
  19  1:27  Reaper  
  19  1:28  Orbital Command  
  20  1:41  Command Center  
  20  1:54  Barracks  
  20  1:58  SCV  
  20  2:01  Barracks Reactor  
  21  2:10  SCV  
  22  2:16  Supply Depot  
  22  2:23  SCV  
  22  2:25  Refinery  
  22  2:27  Factory  
  22  2:35  SCV  
  23  2:38  Marine  
  23  2:39  Marine  
  23  2:41  Barracks Tech Lab  
  25  2:47  SCV  
  26  2:54  Orbital Command  
  26  2:59  SCV, Marine  
  26  3:00  Marine  
  29  3:07  Stimpack  
  29  3:09  Marine  
  30  3:17  Marine  
  31  3:20  Starport  
  31  3:23  SCV  
  31  3:25  SCV  
  31  3:27  Marine  
  33  3:29  Factory Reactor  
  33  3:35  Factory Tech Lab  
  33  3:38  SCV, Bunker  
  33  3:40  Marine  
  35  3:46  SCV  
  37  3:49  Marine  
  37  3:53  Siege Tank  
  40  3:56  SCV  
  40  3:58  Supply Depot  
  40  4:00  SCV  
  40  4:02  Marine  
  42  4:07  Medivac  
  44  4:11  Marine x2  
  46  4:20  SCV x2, Marine  
  49  4:29  Marine  
  49  4:30  Supply Depot  
  50  4:32  SCV  
  50  4:37  Starport Reactor  
  54  4:48  Supply Depot  
  54  4:49  SCV x2, Marine, Combat Shield  
  54  4:51  Marine x2  
  56  4:59  Command Center  
  56  5:01  SCV  
  56  5:04  SCV  
  58  5:12  Engineering Bay  
  58  5:13  SCV, Engineering Bay  
  59  5:16  SCV  
  59  5:17  Medivac  
  59  5:19  Medivac  
  64  5:21  Marine  
  64  5:27  Marine  
  64  5:28  Barracks  
  66  5:31  Marine  
  67  5:35  SCV  
  67  5:36  Refinery, SCV  
  67  5:39  Marine  
  70  5:43  Refinery  
  70  5:45  Terran Infantry Weapons Level 1, Supply Depot  
  70  5:48  Terran Infantry Armor Level 1  
  70  6:01  Missile Turret  
  70  6:02  Missile Turret  
  70  6:06  Marine x3  
  70  6:08  Supply Depot  
  70  6:09  SCV  
  70  6:10  SCV  
  74  6:19  Orbital Command  
  74  6:20  Starport Reactor  
  74  6:21  SCV  
  74  6:24  Marine x2  
  74  6:25  Marine x2  
  78  6:28  SCV  
  80  6:33  Marine  
  74  6:41  Marine  
  74  6:42  Marine  
  74  6:43  Marine x2  
  74  6:44  SCV x2  
  76  6:50  Siege Tank  
  76  6:51  Marine  
  80  6:59  Marine  
  80  7:00  Marine  
  80  7:01  Marine  
  83  7:03  SCV, Barracks  
  83  7:04  Barracks, Marine  
  85  7:08  Orbital Command  
  85  7:09  Medivac  
  85  7:11  SCV  
  89  7:17  Marine x2  
  89  7:18  Medivac  
  89  7:19  Marine  
  86  7:24  SCV x2  
  86  7:26  Armory  
  86  7:29  Siege Tank  
  89  7:34  SCV  
  89  7:36  SCV x2, Marine, Sensor Tower  
  89  7:37  Marine x2  
  93  7:43  Factory, Marine  
  96  7:46  SCV  
  96  7:49  Missile Turret  
  96  7:50  Barracks Reactor  
  98  7:54  Marine  
  98  7:55  SCV x2, Marine  
  99  7:58  Barracks Reactor x2, SCV  
  98  8:05  Marine  
  98  8:07  SCV x2  
  98  8:11  SCV  
  97  8:13  Drilling Claws  
  97  8:14  Terran Infantry Armor Level 2, Terran Infantry Weapons Level 2  
  97  8:19  SCV, Marine  
  99  8:24  Supply Depot  
  99  8:26  Supply Depot x2  
  97  8:32  Missile Turret  
  97  8:33  SCV  
  100  8:34  Marine  
  100  8:35  Barracks Reactor  
  100  8:38  Marine  
  101  8:45  Marine x2  
  101  8:46  Widow Mine x2, SCV  
  101  8:48  Thor  
  113  8:49  SCV  
  113  8:51  SCV  
  113  8:52  Marine  
  113  8:54  Marine x2  
  118  8:58  SCV, Marine  
  118  9:02  SCV  
  117  9:03  Marine x2  
  117  9:08  Widow Mine  
  121  9:10  Marine  
  121  9:11  Widow Mine  
  121  9:12  Marine  
  121  9:13  Marine  
  124  9:18  Supply Depot  
  124  9:23  Marine  
  125  9:24  SCV, Medivac x2  
  125  9:28  Supply Depot  
  132  9:34  Marine x2  
  133  9:39  SCV, Command Center  
  133  9:40  Refinery, Supply Depot  
  133  9:41  SCV  
  133  9:43  SCV  
  136  9:47  Widow Mine  
  136  9:48  Widow Mine  
  136  9:50  Marine  
  136  9:51  SCV  
  136  9:52  Marine  
  142  9:53  SCV  
  142  9:55  SCV  
  142  9:57  Marine  
  142  9:58  Marine x2  
  147  10:03  SCV  
  147  10:05  Marine x3  
  152  10:10  Widow Mine, Barracks  
  152  10:11  Barracks  
  152  10:12  Marine  
  152  10:13  Marine x2  
  154  10:15  Marine  
  154  10:16  Marine x2  
  154  10:19  SCV  
  153  10:22  Widow Mine  
  153  10:23  Marine x2  
  157  10:29  SCV, Marine, Supply Depot  
  157  10:30  Widow Mine, Supply Depot  
  157  10:31  Marine  
  162  10:36  Marine x2  
  162  10:37  Marine  
  162  10:38  Supply Depot  
  165  10:45  Missile Turret  
  165  10:46  Missile Turret  
  165  10:50  SCV  
  165  10:51  Widow Mine x2  
  165  10:56  Terran Infantry Armor Level 3  
  172  11:02  Terran Infantry Weapons Level 3  
  170  11:06  Barracks Tech Lab  
  170  11:08  Barracks Tech Lab  
  166  11:12  Medivac x2  
  166  11:13  Missile Turret  
  170  11:22  Widow Mine x2  
  170  11:25  SCV x2  
  176  11:28  Marauder, Sensor Tower  
  176  11:30  Widow Mine  
  176  11:31  Marine  
  181  11:35  Orbital Command  
  181  11:36  Marauder  
  181  11:38  SCV  
  181  11:39  Concussive Shells  
  184  11:40  SCV  
  184  11:44  Widow Mine x2  
  188  11:50  SCV  
  188  11:51  Widow Mine  
  188  11:52  SCV, Marauder, Marine  
  177  11:54  Marauder, Marine  
  177  11:56  Marine  
  177  11:58  Marauder, Marine  
  177  12:00  Marine  
  177  12:01  Marine  
  176  12:03  Marine  
  177  12:09  Planetary Fortress  
  177  12:14  Missile Turret  
  177  12:15  Missile Turret  
  177  12:16  Marine  
  177  12:18  Widow Mine  
  180  12:27  Supply Depot  
  180  12:30  Marine x3  
  180  12:31  Widow Mine  
  180  12:32  Marauder  
  180  12:34  Marine  
  180  12:37  Widow Mine, Marine  
  165  12:38  Marauder, Marine  
  165  12:39  Widow Mine  
  158  12:45  Marine  
  158  12:47  Marine  
  158  12:50  Marine  
  154  12:52  Widow Mine, Marine  
  154  12:53  Marine  
  154  12:56  Orbital Command  
  154  12:58  Widow Mine, Marine x3  
  150  13:01  Widow Mine  
  121  13:08  Marine  
  121  13:10  SCV x3  
  124  13:13  Widow Mine, Marine x2  
  124  13:16  Marine  
  124  13:19  Widow Mine  
  131  13:22  Widow Mine, SCV  
  131  13:23  Marine  
  131  13:24  SCV, Marine  
  134  13:30  SCV x2, Marine  
  134  13:32  Marine  
  134  13:34  SCV, Marine  
  134  13:35  Widow Mine  
  134  13:36  Marine  
  134  13:40  Marine x2  
  127  13:41  Marine  
  127  13:42  SCV x2, Marine  
  127  13:45  Missile Turret  
  127  13:47  Medivac  
  127  13:48  Medivac  
  128  13:49  Barracks Tech Lab  
  128  13:50  Barracks Tech Lab, Marine  
  128  13:52  Marine  
  128  13:53  Marauder  
  128  13:54  Marine x2  
  133  13:58  Marine x2, Missile Turret  
  133  14:01  Marine  
  136  14:04  Marine  
  136  14:08  Marine  
  136  14:09  Marine x2  
  140  14:10  Marine  
  140  14:12  Marine x2  
  140  14:14  Marauder  
  140  14:16  Marine x2  
  147  14:18  Marine  
  147  14:20  Widow Mine  
  147  14:21  Orbital Command  
  147  14:22  Marine  
  142  14:26  Widow Mine, Marine  
  142  14:27  Marauder, Marine  
  142  14:28  Marine  
  142  14:30  Marine x2  
  142  14:34  Marine  
  145  14:39  Marine  
  145  14:41  Widow Mine, Marine  
  145  14:43  Marine  
  145  14:44  Marine  
  153  14:46  Marine  
  153  14:47  Marine, Missile Turret  
  153  14:49  Widow Mine  
  153  14:51  Missile Turret  
  150  14:53  Medivac  
  150  14:54  Medivac  
  150  14:56  Missile Turret  
  150  14:57  Marine  
  154  15:02  Marine x2  
  154  15:04  Marine  
  154  15:05  Marine x2  
  162  15:08  Marine x2  
  162  15:13  Marine, Missile Turret  
  162  15:14  Widow Mine  
  164  15:17  Sensor Tower  
  164  15:34  Marine x2  
  164  15:35  Marine  
  164  15:36  Marine x3  
  164  15:37  Marine  
  164  15:38  Marine x2  
  164  15:39  Marine  
  164  15:40  Marauder, Medivac  
  164  15:41  Medivac  
  152  15:51  Widow Mine x2  
  152  15:52  Marauder  
  152  15:53  Marine  
  152  15:54  Marine  
  152  15:55  Marine  
  162  15:57  Marine  
  162  16:01  Marauder  
  164  16:10  Barracks Tech Lab, Liberator x2  
  168  16:13  Marauder, Command Center  
  168  16:14  Barracks Tech Lab  
  168  16:15  Barracks Tech Lab  
  168  16:16  SCV, Marine  
  171  16:19  Command Center  
  171  16:20  SCV x2  
  171  16:21  Marine x2  
  171  16:22  Marauder  
  164  16:29  SCV  
  164  16:32  Marauder  
  167  16:35  Marauder, Marine x2  
  167  16:40  Ghost Academy  
  167  16:41  Widow Mine x2  
  167  16:42  Marine  
  167  16:44  Marauder  
  167  16:45  Marine  
  167  16:46  Marauder  
  179  16:57  Widow Mine, Marauder  
  179  17:03  Widow Mine  
  179  17:06  Barracks Tech Lab  
  179  17:08  Marauder  
  179  17:09  Ghost Academy, Personal Cloaking  
  179  17:18  SCV  
  179  17:21  Sensor Tower  
  179  17:22  Refinery  
  180  17:25  Marauder  
  180  17:29  Ghost  
  184  17:30  Ghost  
  184  17:33  Marauder  
  184  17:34  Ghost  
  183  17:45  Ghost  
  183  17:49  Marine  
  183  17:54  Ghost  
  183  17:58  Ghost  
  182  17:59  Ghost  
  176  18:13  Planetary Fortress  
  176  18:14  Ghost  
  176  18:17  Neosteel Armor, Marine  
  176  18:19  Marine  
  171  18:21  Medivac  
  171  18:23  Marauder  
  171  18:24  Marine, Missile Turret  
  171  18:25  Missile Turret  
  173  18:27  Marauder  
  173  18:30  Ghost  
  173  18:31  Refinery  
  175  18:40  Marauder  
  177  18:41  Nuke  
  177  18:42  Nuke  
  177  18:44  Marine x4  
  177  18:45  Marine x2  
  177  18:48  Marine  
  169  19:00  Medivac  
  167  19:03  Marine  
  167  19:04  Refinery  
  167  19:05  Marine x3  
  167  19:06  Marauder x3  
  167  19:09  Refinery  
  174  19:10  Refinery, SCV x2  
  174  19:11  SCV  
  174  19:16  Ghost  
  179  19:19  Medivac  
  181  19:25  SCV x2  
  181  19:27  SCV  
  181  19:29  Bunker, Marine x2  
  186  19:31  Marine  
  186  19:33  Marauder x2, Marine x2  
  186  19:34  Marine  
  194  19:41  Medivac  
  198  19:46  Marauder  
  198  19:47  Marine  
  198  19:48  SCV  
  198  19:51  Missile Turret  
  200  19:53  Bunker  
  200  19:54  Bunker  
  200  19:56  Nuke  
  200  19:58  Marine  
  200  19:59  SCV, Marauder  
  200  20:02  Marauder  
  191  20:08  Ghost  
  191  20:10  SCV x2  
  191  20:11  Planetary Fortress  
  182  20:24  Ghost  
  182  20:25  Refinery  
  182  20:26  Ghost  
  182  20:27  Refinery  
  186  20:31  SCV, Marine  
  186  20:32  Missile Turret  
  186  20:34  Medivac x2, Missile Turret  
  186  20:35  Widow Mine x2  
  196  20:36  Marauder  
  196  20:40  Missile Turret  
  196  20:41  Ghost  
  198  20:46  Nuke x2, Missile Turret  
  198  20:49  Ghost  
  198  20:51  Orbital Command  
  198  20:53  Marine x4  
  198  20:57  Ghost  
  198  21:02  Ghost  
  197  21:11  Supply Depot x2  
  197  21:19  Ghost Academy  
  197  21:20  Ghost Academy  
  197  21:30  Marine, Supply Depot  
  197  21:31  Marauder  
  200  21:39  Marine x2  
  200  21:50  Nuke  
  200  21:58  Marauder x2  
  200  21:59  Marine  
  200  22:03  Ghost  
  200  22:15  Ghost x2  
  198  22:18  Nuke  
  198  22:19  Ghost x2  
  184  22:26  SCV x4  
  187  22:31  Ghost  
  189  22:39  Command Center  
  189  22:42  Medivac  
  189  22:43  Ghost  
  193  22:44  Ghost  
  193  22:47  Ghost  
  193  22:48  Ghost  
  199  22:52  Nuke  
  195  23:00  Ghost  
  195  23:02  Nuke  
  196  23:07  Marine  
  196  23:09  Command Center  
  196  23:12  Ghost  
  199  23:21  Nuke  
  199  23:27  Marine  
  199  23:30  Marine x2  
  199  23:33  Ghost  
  200  23:43  Ghost  
  200  23:46  Marine  
  200  23:53  Marine x2  
  200  23:54  Marauder, Marine x2  
  200  23:55  Marine  
  187  24:03  Marauder  
  187  24:04  Widow Mine, Marine  
  187  24:05  Widow Mine  
  187  24:06  Widow Mine  
  194  24:11  Marine x2  
  184  24:17  Marine  
  184  24:18  Marauder  
  184  24:21  Marauder  
  184  24:22  Ghost x2  
  193  24:26  Widow Mine x2  
  197  24:34  Ghost  
  197  24:35  Marine  
  197  24:37  Marine  
  199  24:45  Orbital Command  
  187  25:09  Nuke  
  186  25:28  Marine x2  
  164  25:29  Marauder  
  164  25:31  Marine  
  164  25:32  Planetary Fortress  
  164  25:34  SCV x2, Marauder x2, Marine x2  
  177  25:37  Marauder  
  177  25:38  Medivac x2  
  177  25:42  SCV  
  184  25:46  Marine  
  187  25:50  Widow Mine, Marauder  
  187  25:52  Marauder  
  191  26:04  Marine  
  190  26:09  Marine x2  
  198  26:16  Viking  
  198  26:18  Viking  
  194  26:21  SCV  
  189  26:29  Planetary Fortress  
  189  26:32  SCV  
  188  26:33  Missile Turret  
  188  26:34  Missile Turret  
  188  26:47  Viking  
  188  26:48  Viking  
  192  26:58  Nuke  
  192  27:04  Refinery  
  192  27:06  SCV x2  
  192  27:07  Ghost, Missile Turret  
  196  27:09  Missile Turret  
  196  27:12  Ghost  
  198  27:18  Viking  
  194  27:43  Marine  
  176  27:44  Marauder  
  176  27:46  Marine  
  176  27:47  Marauder, Marine  
  176  27:48  Marauder  
  130  27:53  Marine  
  130  27:54  Marauder  
  130  27:56  Viking  
  127  28:03  Marine  
  129  28:11  Ghost  
  130  28:15  Viking  
  130  28:19  Marine  
  130  28:20  Marine  
  131  28:28  Viking  
  128  28:39  Marine  
  123  28:43  Marine  
  123  28:44  Marine  
  123  28:45  Marine x3  
  131  28:48  SCV  
  131  28:52  Viking  
  131  28:54  SCV x2  
  131  28:55  Marine  
  132  28:56  Marauder  
  137  29:05  Marine x3  
  137  29:08  Marine  
  137  29:09  Marine  
  141  29:11  Marine  
  141  29:13  Orbital Command  
  145  29:17  Viking  
  145  29:19  SCV, Marine  
  145  29:22  SCV x2  
  147  29:24  Refinery  
  147  29:27  Marine  
  150  29:31  Marine  
  150  29:34  Marine  
  148  29:40  Ghost  
  251  29:45  Viking  
  150  29:46  SCV  
  150  29:48  SCV  
  150  29:49  SCV  
  150  29:51  Marine  
  154  29:53  SCV x2  
  154  29:56  SCV  
  154  29:58  SCV  
  157  30:00  SCV, Marine  
  157  30:01  SCV  
Show
View Real Time Build Order
Export as new Build Order

JonSnow Zerg 

Build Orders: Hatch First, Muta Ling Bane 

Get SALT Encoding   

  12  0:02  Drone  
  13  0:12  Overlord  
  13  0:17  Drone  
  14  0:30  Drone x2  
  16  0:49  Hatchery  
  15  0:50  Drone  
  15  0:55  Drone  
  17  1:01  Drone  
  18  1:04  Extractor  
  17  1:14  Spawning Pool  
  17  1:17  Drone  
  17  1:22  Drone  
  18  1:28  Drone  
  19  1:39  Drone  
  20  1:49  Overlord  
  20  2:01  Queen x2  
  20  2:02  Zergling x4  
  26  2:11  Drone  
  26  2:12  Drone  
  29  2:22  Drone  
  29  2:23  Drone  
  30  2:32  Roach Warren  
  28  2:41  Drone x2  
  30  2:51  Overlord x2  
  30  3:05  Queen  
  32  3:12  Roach  
  34  3:13  Roach x5  
  44  3:23  Drone x4  
  44  3:25  Drone  
  49  3:31  Drone  
  50  3:36  Drone, Lair  
  50  3:40  Overlord  
  51  3:48  Overlord  
  51  3:53  Extractor  
  51  3:54  Drone  
  51  3:55  Extractor  
  51  3:56  Drone x2, Extractor  
  51  3:59  Drone  
  51  4:00  Drone  
  53  4:12  Drone x5  
  53  4:14  Drone x2  
  53  4:15  Drone  
  61  4:20  Drone  
  61  4:22  Drone, Metabolic Boost  
  63  4:28  Queen  
  63  4:30  Drone  
  66  4:37  Spire  
  65  4:43  Overlord  
  65  4:44  Overlord  
  65  4:46  Drone  
  65  4:49  Overlord  
  66  5:00  Overlord x2  
  66  5:13  Zergling x10  
  71  5:28  Hatchery  
  70  5:35  Overlord  
  70  5:48  Mutalisk x6  
  82  5:50  Zerg Flyer Weapons Level 1  
  82  5:58  Mutalisk  
  82  5:59  Mutalisk  
  82  6:01  Zergling x6  
  82  6:02  Zergling x4  
  91  6:10  Baneling Nest  
  91  6:11  Mutalisk  
  92  6:19  Zergling x2  
  92  6:21  Mutalisk  
  94  6:32  Mutalisk  
  94  6:34  Zergling x2  
  94  6:35  Zergling x10  
  102  6:42  Mutalisk  
  102  6:46  Drone x2  
  102  6:49  Queen  
  103  6:56  Drone x3  
  103  6:57  Centrifical Hooks  
  103  7:01  Drone x2  
  108  7:08  Overlord  
  108  7:13  Drone x4  
  108  7:14  Drone  
  113  7:18  Extractor  
  113  7:20  Mutalisk x3  
  113  7:21  Extractor  
  115  7:23  Drone x2  
  115  7:29  Drone  
  118  7:30  Drone, Overseer  
  118  7:31  Hatchery, Baneling x3  
  118  7:32  Baneling  
  118  7:36  Drone  
  118  7:41  Evolution Chamber  
  118  7:43  Baneling x5, Evolution Chamber  
  116  7:45  Zergling x4  
  116  7:47  Drone x2  
  108  8:12  Mutalisk  
  108  8:13  Mutalisk x2  
  108  8:14  Zergling x2  
  108  8:15  Zergling x16  
  108  8:17  Zerg Melee Weapons Level 1  
  123  8:21  Drone x5  
  123  8:22  Drone  
  129  8:28  Zerg Ground Armor Level 1  
  129  8:29  Overlord x2  
  129  8:35  Drone  
  129  8:40  Overseer  
  129  8:41  Overlord x2  
  130  8:45  Baneling x4  
  130  8:51  Zerg Flyer Weapons Level 2  
  130  8:53  Queen  
  133  8:55  Drone x3  
  133  8:56  Drone x3  
  137  9:04  Mutalisk x3  
  137  9:08  Drone x3  
  144  9:17  Overlord x2  
  144  9:20  Zergling x14  
  144  9:24  Mutalisk x2  
  151  9:26  Pneumatized Carapace  
  151  9:30  Overseer  
  155  9:34  Zergling x2  
  155  9:35  Zergling x12  
  162  9:44  Drone x5  
  167  9:46  Extractor  
  167  9:47  Extractor, Drone  
  167  9:48  Drone  
  167  9:52  Overlord  
  167  9:55  Drone x4, Hatchery  
  170  10:00  Zergling x8  
  170  10:05  Zergling x8  
  174  10:18  Zerg Melee Weapons Level 2  
  174  10:21  Infestation Pit  
  168  10:22  Drone x14  
  182  10:36  Overlord x2  
  182  10:40  Zerg Ground Armor Level 2  
  182  10:42  Zergling x14  
  189  10:43  Hatchery  
  188  10:53  Overlord x2  
  188  11:01  Overseer  
  188  11:02  Baneling x2  
  188  11:03  Baneling x13  
  188  11:05  Zergling x22  
  188  11:11  Hive  
  199  11:16  Zergling x2  
  200  11:22  Baneling x2  
  200  11:23  Baneling x27  
  199  11:30  Extractor  
  199  11:31  Extractor  
  199  11:32  Spine Crawler, Spore Crawler  
  186  11:51  Zergling x56  
  186  11:59  Zergling x6  
  169  12:07  Zergling x12  
  175  12:09  Overseer  
  175  12:11  Baneling  
  175  12:12  Baneling x9  
  175  12:14  Baneling x10  
  175  12:17  Mutalisk x8  
  183  12:33  Zergling x22  
  183  12:41  Zergling x18  
  180  12:48  Zergling x8  
  180  12:49  Adrenal Glands  
  169  12:59  Zergling x2  
  169  13:00  Zergling x6  
  152  13:08  Baneling x7  
  151  13:14  Zerg Ground Armor Level 3  
  151  13:16  Zergling x16  
  151  13:18  Ultralisk Cavern  
  158  13:31  Zergling x16  
  166  13:41  Drone x5, Spore Crawler  
  161  13:42  Hatchery, Spine Crawler  
  161  13:45  Mutalisk  
  161  13:47  Baneling x2  
  161  13:48  Baneling x3  
  161  13:54  Zergling x8  
  165  13:57  Baneling x13  
  165  13:59  Baneling x5, Mutalisk x2  
  165  14:00  Mutalisk x2  
  166  14:12  Drone x3  
  167  14:17  Chitinous Plating  
  139  14:35  Ultralisk x5  
  167  14:55  Ultralisk x3  
  186  15:00  Drone x7  
  186  15:04  Baneling x5  
  186  15:05  Overseer  
  192  15:14  Drone x6  
  195  15:21  Extractor x2  
  196  15:25  Zergling x10  
  195  15:36  Anabolic Synthesis  
  189  15:44  Corruptor  
  189  15:45  Corruptor x4  
  191  16:02  Infestor x2  
  190  16:12  Infestor  
  190  16:13  Zergling x2  
  190  16:14  Zergling x14  
  190  16:16  Hatchery  
  192  16:30  Extractor  
  192  16:32  Baneling x4  
  178  16:54  Ultralisk x2  
  178  16:55  Zergling x6, Ultralisk  
  199  17:05  Corruptor  
  199  17:13  Corruptor  
  199  17:28  Baneling x2  
  190  17:45  Corruptor x4  
  190  17:46  Corruptor  
  190  17:48  Zergling x8  
  199  17:53  Overseer x2  
  199  17:54  Spore Crawler  
  198  18:03  Zergling x2  
  196  18:19  Overlord  
  194  18:26  Corruptor x3  
  199  18:29  Zerg Flyer Weapons Level 3  
  199  18:36  Baneling x2  
  199  18:41  Spine Crawler  
  199  18:42  Spine Crawler, Spore Crawler  
  199  18:45  Zergling x2  
  199  18:46  Zergling x4  
  199  18:48  Spore Crawler  
  198  18:49  Spine Crawler x2  
  198  18:54  Zergling x36  
  198  18:58  Pathogen Glands  
  198  18:59  Zergling x26  
  185  19:06  Zergling x12  
  191  19:14  Zergling x4  
  191  19:16  Overlord x2  
  193  19:23  Baneling x26  
  193  19:24  Overlord x3  
  193  19:25  Overseer x3  
  193  19:35  Baneling  
  193  19:36  Baneling x3  
  193  19:37  Zergling x2  
  193  19:38  Zergling x10  
  198  19:52  Spore Crawler  
  198  19:58  Overlord  
  184  20:09  Infestor x4  
  184  20:11  Zergling x18  
  197  20:15  Spine Crawler, Spore Crawler  
  197  20:17  Spine Crawler, Overlord  
  192  20:28  Zergling x6  
  192  20:29  Zergling x10  
  200  20:38  Hatchery  
  199  20:54  Zergling x10  
  199  20:55  Zergling x4  
  188  21:08  Zergling x28  
  194  21:21  Zergling x12  
  192  21:44  Greater Spire  
  189  21:47  Zergling x2  
  189  21:48  Zergling x16  
  180  22:19  Zergling x16, Ultralisk x3  
  197  22:33  Overlord x2  
  190  22:43  Overlord  
  190  22:44  Drone x2  
  190  22:48  Overseer x2, Spore Crawler  
  190  22:49  Spine Crawler  
  190  22:57  Baneling x5  
  190  23:14  Hatchery  
  189  23:22  Hatchery  
  189  23:23  Overlord  
  189  23:25  Infestor  
  189  23:26  Infestor  
  163  23:46  Corruptor x2  
  163  23:47  Corruptor x2  
  167  23:58  Zerg Flyer Armor Level 1  
  165  24:04  Overseer  
  165  24:07  Corruptor x3  
  160  24:24  Corruptor x5  
  160  24:26  Overseer, Overlord  
  164  24:39  Extractor  
  164  24:42  Overlord  
  163  24:46  Overseer x2  
  163  24:47  Brood Lord x3  
  163  24:50  Spore Crawler  
  163  24:51  Spore Crawler x2  
  163  24:52  Spine Crawler, Spore Crawler x2  
  162  24:53  Spore Crawler  
  162  24:54  Spine Crawler  
  162  24:56  Brood Lord x2, Spore Crawler  
  162  24:57  Brood Lord x3  
  168  25:06  Zergling x30  
  163  25:23  Corruptor x4  
  163  25:24  Corruptor  
  140  25:31  Zergling x8  
  140  25:32  Zergling x12  
  140  25:35  Baneling x10  
  148  25:41  Ultralisk x4  
  148  25:42  Ultralisk x2  
  186  25:44  Baneling  
  186  25:45  Baneling x9  
  170  25:59  Zergling x8  
  170  26:04  Zergling x16  
  175  26:08  Overseer  
  167  26:13  Overlord x3  
  167  26:14  Overlord x2  
  164  26:31  Brood Lord  
  166  26:34  Zergling x22  
  177  26:50  Extractor  
  177  26:51  Hatchery  
  177  26:52  Extractor  
  177  26:53  Zergling x14  
  181  26:57  Corruptor x2  
  185  27:06  Zergling x10  
  184  27:25  Zergling x22  
  175  27:49  Zergling x2, Ultralisk  
  143  27:51  Zergling x2  
  106  28:05  Infestor  
  104  28:08  Zergling x6  
  103  28:25  Zergling x10  
  104  28:46  Corruptor x2  
  108  28:59  Overseer  
  108  29:03  Zergling x2  
  108  29:04  Zergling x6  
  112  29:18  Corruptor  
  114  29:29  Baneling x3  
  111  29:45  Queen  
  101  29:46  Infestor  
  105  29:59  Zergling x2  
  105  30:00  Zergling x8  
Tags
 
Add a new tag
Caveats
  • Supply blocks, unpowered buildings, or Contaminate may cause inaccurate times.
  • Supply counts are checked every 10 seconds.